 Dungeon Crawl Stone Soup version 0.31-a0-7-g51783674b7 (webtiles) character file.

Game seed: 3187428125083657947

10 tabstorm the Firebug (level 2, -1/15 HPs)
             Began as a Deep Elf Fire Elementalist on May 3, 2023.
             Slain by a gnoll
             ... wielding a +2 flail of protection
              (4 damage)
             ... on level 2 of the Dungeon on May 5, 2023.
             The game lasted 00:02:44 (1027 turns).

tabstorm the Firebug (Deep Elf Fire Elementalist)   Turns: 1027, Time: 00:02:44

Health: -1/15      AC:  3    Str:  5    XL:     2   Next: 10%
Magic:  5/8        EV: 12    Int: 19    God:
Gold:   49         SH:  0    Dex: 15    Spells: 6/7 levels left

rFire   . . .        i - +0 short sword
rCold   . . .        (no shield)
rNeg    . . .        a - +0 robe
rPois   .            l - +0 helmet
rElec   .            (no cloak)
rCorr   .            (no gloves)
SInv    .            (no boots)
Will    .....        (no amulet)
Stlth   ++           (no ring)
HPRegen 0.22/turn    (no ring)
MPRegen 0.11/turn

%: no passive effects
@: no status effects
A: no striking features
a: no special abilities


You were on level 2 of the Dungeon.
You visited 1 branch of the dungeon, and saw 2 of its levels.

You collected 49 gold pieces.

Inventory:

Hand Weapons
 i - a +0 short sword (weapon)
Armour
 a - a +0 robe (worn)
 l - a +0 helmet (worn)
Jewellery
 c - a ring of ice
 d - a ring of magical power
 k - an amulet of reflection
Scrolls
 g - a scroll of fog {unknown}
 j - a scroll of poison {unknown}
Potions
 b - a potion of magic
 e - a potion of might {unknown}
 f - a potion of attraction {unknown}
 h - a potion of cancellation {unknown}


   Skills:
 - Level 2.4 Dodging
 - Level 2.4 Stealth
 - Level 3.0 Spellcasting
 * Level 1.8 Conjurations
 * Level 3.6 Fire Magic


You had 6 spell levels left.
You knew the following spells:

 Your Spells              Type           Power      Damage    Failure   Level
a - Foxfire               Conj/Fire      52%        2x1d6     4%          1

Your spell library contained the following spells:

 Spells                   Type           Power      Damage    Failure   Level
 Scorch                   Fire           32%        2d6       4%          2
 Necrotise                Necr           8%         1d4       16%         1
 Inner Flame              Hex/Fire       9%         N/A       22%         3
 Volatile Blastmotes      Fire/Tloc      18%        2d11      22%         3
 Vampiric Draining        Necr           2%         2d6       41%         3
 Flame Wave               Conj/Fire      13%        2d6       43%         4
 Agony                    Necr           2%         N/A       99%         5


Dungeon Overview and Level Annotations

Branches:
Dungeon (2/15)

Altars:

Shops:
D:1 *


Message History

A gnoll is wielding a +2 flail of protection.
There are monsters nearby!
There are monsters nearby!
The gnoll shouts!
A gnoll comes into view. It is wielding a +0 whip.
An endoplasm comes into view.
A kobold comes into view. It is wielding a +0 whip.
Unknown command.
Unknown command.
Casting: Foxfire (safe; 4% risk of failure)
Confirm with . or Enter, or press ? or * to list all spells.
You conjure some foxfire!
Casting: Foxfire (safe; 4% risk of failure)
Confirm with . or Enter, or press ? or * to list all spells.
You miscast Foxfire.
You are very lightly contaminated with residual magic.
Nothing appears to happen.
Your foxfire dissipates!
Your foxfire dissipates!
Casting: Foxfire (safe; 4% risk of failure)
Confirm with . or Enter, or press ? or * to list all spells.
You conjure some foxfire!
Casting: Foxfire (safe; 4% risk of failure)
Confirm with . or Enter, or press ? or * to list all spells.
You conjure some foxfire!
The foxfire hits the gnoll but does no damage.
The foxfire hits the gnoll.
The gnoll is lightly wounded.
The foxfire hits the gnoll but does no damage.
The gnoll is lightly wounded.
The foxfire hits the gnoll.
The gnoll is moderately wounded.
The gnoll hits you with a +2 flail of protection!
Ouch! That really hurt!
* * * LOW HITPOINT WARNING * * *
Your magical contamination has completely faded away.
There is a stone staircase leading up, spattered with blood here.
Unknown command.
The gnoll hits you with a +2 flail of protection.
You die...

###g#
###...#
##...###
#..###
#########.##
#..........#
#..........#
#....)..g..#
#...(..@...#
......>....#
#..........#
############


You could see a gnoll.

Vanquished Creatures
  A hobgoblin (D:1)
  4 jackals (D:1)
  2 frilled lizards (D:1)
  2 kobolds
9 creatures vanquished.

Vanquished Creatures (others)
  39 foxfires
39 creatures vanquished.

Grand Total: 48 creatures vanquished

Notes
Turn   | Place    | Note
-------+----------+-------------------------------------------
     0 | D:1      | tabstorm the Deep Elf Fire Elementalist began the quest for
                  | the Orb.
     0 | D:1      | Reached XP level 1. HP: 10/10 MP: 6/6
     0 | D:1      | Upgraded the game from 0.31-a0-4-gefa6de2278 to
                  | 0.31-a0-7-g51783674b7
   401 | D:1      | Found Ligi's Assorted Antiques.
   430 | D:1      | Reached XP level 2. HP: 7/15 MP: 0/8
  1027 | D:2      | Slain by a gnoll

Illustrated notes

Levels and vault maps discovered:
D:1:      onia_arrival_mini_maze_b, layout_basic, serial_shops,
          nicolae_shop_just_a_little_nook, roderic_roman_lattice, hex_tiny,
          minmay_misc_feat_tiny
D:2:      layout_rooms, minmay_goblin_kobold_house

Action                     || total
---------------------------++-------
  Melee: Short sword       ||     8
   Cast: Foxfire           ||    22
 Armour: Robe              ||     1
  Dodge: Dodged            ||    12

Table legend: (Time is in decaauts)
 A = Elapsed time spent in this place.
 B = Non-inter-level travel time spent in this place.
 C = Inter-level travel time spent in this place.
 D = Time resting spent in this place.
 E = Time spent auto-exploring this place.
 F = Levels seen in this place.
 G = Mean time per level.
                   A        B        C        D        E       F      G
               +--------+--------+--------+--------+--------+-----+--------+
         Total |   1026 |    965 |     61 |     33 |    809 |   2 |  513.0 |
       Dungeon |   1026 |    965 |     61 |     33 |    809 |   2 |  513.0 |
               +--------+--------+--------+--------+--------+-----+--------+

Top non-repeatable levels by time:
     D:1: 948 daAuts
     D:2: 77 daAuts
